Map: [ESL] Goldenaura

Players

Rob - Winner!

  • Race: Protoss Protoss
  • Spawn Location: 5:00

Zain

  • Race: Protoss Protoss
  • Spawn Location: 12:00

Event: ESL SC2 Masters 2023 Winter (Finals)

VOD

Have the link to the VOD?

Description

Time

  • Played on: Dec. 15, 2023, 3:08 p.m.
  • Length: 5:49

All games in this series

Show
View Real Time Build Order
Export as new Build Order

Rob Protoss - Winner!

Build Orders:  

Get SALT Encoding   

  12  0:00  Probe  
  13  0:12  Probe  
  14  0:18  Pylon  
  14  0:24  Probe (Chrono Boost)  
  15  0:37  Gateway  
  15  0:38  Probe (Chrono Boost)  
  16  0:45  Probe (Chrono Boost)  
  16  0:48  Assimilator  
  17  0:52  Probe  
  17  0:55  Assimilator  
  19  1:04  Probe  
  19  1:10  Gateway  
  19  1:16  Probe  
  20  1:24  Cybernetics Core  
  20  1:28  Probe  
  21  1:35  Pylon  
  21  1:40  Probe  
  22  1:52  Probe  
  23  2:00  Warp Gate, Stalker x2  
  27  2:17  Robotics Facility  
  27  2:28  Pylon  
  27  2:35  Stalker x2  
  31  2:46  Gateway  
  31  2:55  Shield Battery  
  31  3:09  Immortal (Chrono Boost)  
  33  3:38  Immortal (Chrono Boost)  
  37  3:42  Pylon  
  37  3:53  Stalker  
  39  4:01  Stalker x2  
  43  4:12  Warp Prism (Chrono Boost)  
  45  4:24  Pylon  
  45  4:38  Stalker  
  47  4:43  Observer, Stalker  
  50  4:48  Stalker  
  52  4:55  Shield Battery  
  50  5:16  Stalker x2  
  50  5:20  Pylon  
  54  5:22  Robotics Bay  
  52  5:35  Zealot  
Show
View Real Time Build Order
Export as new Build Order

Zain Protoss 

Build Orders:  

Get SALT Encoding   

  12  0:00  Probe  
  13  0:12  Probe  
  14  0:17  Pylon  
  14  0:24  Probe (Chrono Boost)  
  16  0:37  Gateway, Probe (Chrono Boost)  
  16  0:42  Probe (Chrono Boost)  
  16  0:45  Assimilator  
  17  0:51  Probe  
  17  0:54  Assimilator  
  18  1:03  Probe (Chrono Boost)  
  19  1:07  Gateway  
  19  1:12  Probe (Chrono Boost)  
  19  1:17  Probe (Chrono Boost)  
  20  1:24  Cybernetics Core  
  21  1:29  Probe  
  22  1:40  Pylon  
  22  1:41  Probe  
  23  2:00  Robotics Facility  
  23  2:01  Stalker  
  23  2:05  Stalker  
  27  2:09  Warp Gate  
  27  2:16  Pylon  
  27  2:31  Stalker  
  32  3:01  Pylon  
  33  3:05  Probe  
  33  3:21  Pylon  
  33  3:25  Nexus  
  33  3:37  Pylon  
  33  3:39  Probe  
  34  3:42  Pylon  
  34  3:51  Robotics Facility  
  34  3:52  Probe  
  35  4:00  Sentry x2  
  35  4:04  Probe  
  35  4:05  Shield Battery  
  36  4:11  Phoenix x2  
  36  4:17  Probe  
  37  4:24  Sentry, Stalker  
  37  4:28  Pylon  
  37  4:29  Probe  
  42  4:38  Immortal (Chrono Boost)  
  42  4:40  Probe  
  42  4:41  Probe  
  47  4:49  Sentry  
  47  4:50  Shield Battery, Stalker  
  51  5:10  Immortal  
  51  5:13  Stalker  
  57  5:18  Shield Battery  
  55  5:30  Stalker  
  51  5:40  Stalker  
Tags
 
Add a new tag
Caveats
  • Supply blocks, unpowered buildings, or Contaminate may cause inaccurate times.
  • Supply counts are checked every 10 seconds.